 Dungeon Crawl Stone Soup version 0.30.0-29-ga12c61a403 (webtiles) character file.

Game seed: 14500521473923020491

113 boopmooplesden the Covered (level 4, -1/41 HPs)
             Began as a Minotaur Fighter on June 21, 2023.
             Slain by an ufetubus (3 damage)
             ... on level 4 of the Dungeon.
             The game lasted 00:03:00 (2852 turns).

boopmooplesden the Covered (Minotaur Fighter)       Turns: 2852, Time: 00:03:00

Health: -1/41      AC: 10    Str: 23    XL:     4   Next: 65%
Magic:  3/3        EV:  8    Int:  5    God:
Gold:   79         SH:  4    Dex:  9    Spells: 3/3 levels left

rFire   . . .        a - +0 flail
rCold   + . .        c - +0 buckler
rNeg    . . .        k - +0 chain mail
rPois   .            (helmet restricted)
rElec   .            (no cloak)
rCorr   .            (no gloves)
SInv    .            j - +0 pair of boots
Will    .....        (no amulet) Stlth
                     f - ring of protection from cold
HPRegen 0.26/turn    (no ring)
MPRegen 0.08/turn

%: no passive effects
@: no status effects
A: horns 2, retaliatory headbutt
a: no special abilities


You were on level 4 of the Dungeon.
You visited 1 branch of the dungeon, and saw 4 of its levels.

You collected 79 gold pieces.

Inventory:

Hand Weapons
 a - a +0 flail (weapon)
Missiles
 g - 3 javelins (quivered)
Armour
 b - a +0 scale mail
 c - a +0 buckler (worn)
 j - a +0 pair of boots (worn)
 k - a +0 chain mail (worn)
Jewellery
 f - a ring of protection from cold (left hand)
 i - a +6 ring of dexterity
Scrolls
 l - a scroll of identify
 n - 2 scrolls of teleportation
Potions
 d - a potion of might
 e - 2 potions of attraction
 h - 2 potions of curing {unknown}
 m - a potion of magic {unknown}
 o - a potion of mutation {unknown}


   Skills:
 + Level 4.4 Fighting
 + Level 3.8 Maces & Flails
 + Level 4.6 Armour
 + Level 0.6 Dodging
 + Level 0.2 Stealth
 + Level 4.1 Shields


You had 3 spell levels left.
You didn't know any spells.
Your spell library was empty.

Dungeon Overview and Level Annotations

Branches:
Dungeon (4/15)
 Temple: D:4-7

Altars:
Hepliaklqana
Ru


Innate Abilities, Weirdness & Mutations

You have a pair of horns on your head.
You reflexively headbutt those who attack you in melee.


Message History

You barely miss the ufetubus. The ufetubus hits you.
The ufetubus hits you but does no damage.
The ufetubus hits you. x2
You barely miss the ufetubus.
The ufetubus hits you but does no damage.
You block the ufetubus's attack. The iguana bites you!
The ufetubus hits you but does no damage. x2
A ball python comes into view.
You barely miss the iguana.
The ball python hisses angrily.
You hear a shout!
The ufetubus hits you but does no damage. x2
The iguana bites you. The ufetubus barely misses you.
The ufetubus hits you but does no damage.
The iguana bites you.
You closely miss the iguana.
The ufetubus hits you but does no damage. x2
A hobgoblin comes into view.
You block the iguana's attack. You block the ufetubus's attack.
The ufetubus barely misses you.
You barely miss the iguana. The ufetubus hits you.
The ufetubus hits you but does no damage.
You block the iguana's attack.
The ufetubus hits you but does no damage. x2
You hit the iguana.
The iguana is lightly wounded.
The ufetubus hits you.
* * * LOW HITPOINT WARNING * * *
The ufetubus barely misses you. The iguana bites you.
* * * LOW HITPOINT WARNING * * *
The ufetubus hits you but does no damage.
You block the ufetubus's attack. The iguana bites you.
* * * LOW HITPOINT WARNING * * *
You block the ufetubus's attack.
The ufetubus hits you but does no damage.
The ball python attacks as you move away!
The ball python closely misses you. The ufetubus hits you.
* * * LOW HITPOINT WARNING * * *
The ufetubus hits you.
You die...

... #..# .. ....
#########...#... ...
#.............#. ...
#..........#g... ###
#.##.....>......#.. ..#
#.........†........
#.#####........<.......
#.#...........5S.......
#.#####...)..@.l.......
#.# #..#...##........
#.######.###...........
#..#..........##.......
###.#.#####.####
....... ##.....# #.#
.#.##.# #.<#.### # #
.... .. ...##.# # ..
.## #.#


You could see an iguana, an ufetubus, a hobgoblin and a ball python.

Vanquished Creatures
  3 adders
  3 worms
  3 dart slugs (D:3)
  4 orcs (D:3)
  4 bats
  3 endoplasms
  8 giant cockroaches
  5 goblins
  4 hobgoblins
  2 jackals (D:3)
  7 kobolds
  4 quokkas
  4 ball pythons
  4 frilled lizards
  4 rats
62 creatures vanquished.

Notes
Turn   | Place    | Note
-------+----------+-------------------------------------------
     0 | D:1      | boopmooplesden the Minotaur Fighter began the quest for the
                  | Orb.
     0 | D:1      | Reached XP level 1. HP: 19/19 MP: 0/0
   255 | D:1      | Reached XP level 2. HP: 27/27 MP: 1/1
   875 | D:2      | Reached XP level 3. HP: 24/33 MP: 2/2
  1833 | D:3      | Reached XP level 4. HP: 40/40 MP: 3/3
  2177 | D:3      | Found a sacrificial altar of Ru.
  2664 | D:3      | Found a hazy altar of Hepliaklqana.
  2852 | D:4      | HP: 2/41 [ufetubus (3)]
  2852 | D:4      | Slain by an ufetubus

Illustrated notes

Levels and vault maps discovered:
D:1:      psy_arrival_radial02, layout_basic, minmay_misc_feat_encased
D:2:      layout_basic, nicolae_kite_square_tiling_tiny
D:3:      minmay_general_purpose_star, layout_basic, nicolae_ru_awakened_eye,
          nicolae_hepliaklqana_hippocampus, serial_corexii_hall,
          corexii_hall_statues_s, chequers_hall_statues_wall_a,
          chequers_hall_statues_corner_a, corexii_hall_statues_s, st_stairs_1,
          kennysheep_generic_room_2
D:4:      layout_rooms, nicolae_qazlal_style_of_elements, temple_doors_e,
          uniq_natasha, uniq_ijyb

Skill      XL: |  1  2 |
---------------+-------+-----
Shields        | 4 |  4.1
Armour         | 4 |  4.6
Maces & Flails | 3 |  3.8
Fighting       | 4 |  4.4
Dodging        | |  0.6
Stealth        | |  0.2

Action                     |  1- 3 |  4- 6 || total
---------------------------+-------+-------++-------
  Melee: Flail             |    87 |    48 ||   135
         Headbutt          |    10 |     6 ||    16
    Use: Scroll            |     4 |     1 ||     5
 Armour: Scale mail        |    46 |     3 ||    49
         Chain mail        |       |    36 ||    36
  Dodge: Dodged            |    47 |    26 ||    73
  Block: Buckler           |    14 |    17 ||    31
